% Time on Ice - REGINA FALCONS
Lines # - Real PCT - Wanted PCT - Time Play
Normal Forward
1 - 35% - 38% - 16:47
2 - 35% - 36% - 16:32
3 - 23% - 23% - 10:51
4 - 8% - 3% - 3:43
Normal Defense
1 - 37% - 40% - 17:36
2 - 34% - 35% - 16:30
3 - 29% - 25% - 13:47
4 - 0% - 0% - 0:00
PP Forward
1 - 52% - 58% - 3:05
2 - 48% - 42% - 2:54
PP Defense
1 - 55% - 58% - 3:18
2 - 45% - 42% - 2:41
PK Forward
1 - 67% - 55% - 2:53
2 - 33% - 45% - 1:27
PK Defense
1 - 68% - 55% - 2:57
2 - 32% - 45% - 1:23
PK3 Forward
1 - 100% - 55% - 1:48
2 - 0% - 45% - 0:00
PK3 Defense
1 - 55% - 55% - 0:59
2 - 45% - 45% - 0:49
44 Forward
1 - 0% - 55%
2 - 0% - 45%
44 Defense
1 - 0% - 55%
2 - 0% - 45%
Last Minute Offensive  - 0:00
Last Minute Defensive  - 0:00
Total
Forward - 60:00
Defense - 60:00
% Time on Ice - EDMONTON ICE
Lines # - Real PCT - Wanted PCT - Time Play
Normal Forward
1 - 34% - 38% - 16:28
2 - 33% - 36% - 15:58
3 - 19% - 24% - 9:04
4 - 13% - 2% - 6:23
Normal Defense
1 - 37% - 37% - 17:56
2 - 37% - 35% - 17:32
3 - 22% - 22% - 10:28
4 - 4% - 6% - 1:57
PP Forward
1 - 50% - 57% - 3:03
2 - 50% - 43% - 3:05
PP Defense
1 - 46% - 57% - 2:48
2 - 54% - 43% - 3:20
PK Forward
1 - 54% - 57% - 3:14
2 - 46% - 43% - 2:45
PK Defense
1 - 58% - 57% - 3:28
2 - 42% - 43% - 2:31
PK3 Forward
1 - 0% - 55%
2 - 0% - 45%
PK3 Defense
1 - 0% - 55%
2 - 0% - 45%
44 Forward
1 - 0% - 55%
2 - 0% - 45%
44 Defense
1 - 0% - 55%
2 - 0% - 45%
Last Minute Offensive  - 0:00
Last Minute Defensive  - 0:00
Total
Forward - 60:00
Defense - 60:00
Play-by-Play 1st period 0:01 of 1st period - Jonathan Miller wins face-off versus Ryan O'Reilly in neutral zone. 0:55 of 1st period - Icing by Anton Stralman. 0:56 of 1st period - Vincent Trocheck wins face-off versus Jonathan Miller in REGINA FALCONS zone. 1:43 of 1st period - Shot by Timo Meier. 1:43 of 1st period - Shot Misses the Net. 3:05 of 1st period - Shot by Nick Cousins. 3:05 of 1st period - Stopped by Philipp Grubauer without a rebound. 3:06 of 1st period - Ryan O'Reilly wins face-off versus Nick Cousins in EDMONTON ICE zone. 3:06 of 1st period - Ryan O'Reilly is hit by Nick Cousins. 3:20 of 1st period - Erik Gustafsson is hit by Anthony Mantha and loses puck. 3:35 of 1st period - Shot by Richard Panik. 3:35 of 1st period - Shot Misses the Net. 4:34 of 1st period - Shot by David Pastrnak. 4:34 of 1st period - Shot Misses the Net. 4:42 of 1st period - Shot by David Pastrnak. 4:42 of 1st period - Stopped by Philipp Grubauer without a rebound. 4:43 of 1st period - Jonathan Miller wins face-off versus Boone Jenner in EDMONTON ICE zone. 5:42 of 1st period - Shot by David Pastrnak. 5:42 of 1st period - Shot Misses the Net. 5:51 of 1st period - Icing by Phil Kessel. 5:52 of 1st period - Derick Brassard wins face-off versus Ryan O'Reilly in EDMONTON ICE zone. 7:00 of 1st period - Icing by David Pastrnak. 7:01 of 1st period - Boone Jenner wins face-off versus Tanner Pearson in REGINA FALCONS zone. 8:08 of 1st period - Shot by Jonathan Miller. 8:08 of 1st period - Shot Misses the Net. 8:11 of 1st period - Icing by Shea Theodore. 8:12 of 1st period - Derick Brassard wins face-off versus Vincent Trocheck in EDMONTON ICE zone. 8:20 of 1st period - Nick Cousins is hit by Jeff Petry and loses puck. 8:29 of 1st period - Shot by Derick Brassard. 8:29 of 1st period - Shot Misses the Net. 8:31 of 1st period - Shot by Marc-Edouard Vlasic. 8:31 of 1st period - Goal by Marc-Edouard Vlasic - REGINA FALCONS : 1 - EDMONTON ICE : 0. 8:32 of 1st period - Ryan O'Reilly wins face-off versus Jonathan Miller in neutral zone. 8:58 of 1st period - Icing by Max Pacioretty. 8:59 of 1st period - Vincent Trocheck wins face-off versus Jonathan Miller in REGINA FALCONS zone. 9:06 of 1st period - Shot by Patric Hornqvist. 9:06 of 1st period - Deflect By Vincent Trocheck. 9:06 of 1st period - Stopped by Tristan Jarry without a rebound. 9:07 of 1st period - Vincent Trocheck wins face-off versus Derick Brassard in REGINA FALCONS zone. 9:07 of 1st period - Timo Meier is hit by Marc-Edouard Vlasic and loses puck. 9:10 of 1st period - Shot by Timo Meier. 9:10 of 1st period - Shot Blocked by Marc-Edouard Vlasic. 9:12 of 1st period - Shot by Vincent Trocheck. 9:12 of 1st period - Shot Misses the Net. 9:22 of 1st period - Shot by Patric Hornqvist. 9:22 of 1st period - Shot Misses the Net. 9:24 of 1st period - Shot by Jeff Petry. 9:24 of 1st period - Shot Misses the Net. 9:26 of 1st period - Shot by Jeff Petry. 9:26 of 1st period - Shot Misses the Net. 9:37 of 1st period - Minor Penalty to Ivan Provorov for Holding. 9:38 of 1st period - Ryan O'Reilly wins face-off versus Nick Cousins in REGINA FALCONS zone. 11:35 of 1st period - Derick Brassard is hit by Timo Meier and loses puck. 11:55 of 1st period - Icing by Mathieu Perreault. 11:56 of 1st period - Boone Jenner wins face-off versus Jonathan Miller in EDMONTON ICE zone. 12:19 of 1st period - Off-side. 12:20 of 1st period - Tyler Bozak wins face-off versus Ryan O'Reilly in neutral zone. 12:31 of 1st period - Shot by David Pastrnak. 12:31 of 1st period - Shot Misses the Net. 13:15 of 1st period - Shea Theodore is hit by Tanner Pearson and loses puck. 14:34 of 1st period - Minor Penalty to Jack Johnson for Hooking. 14:35 of 1st period - Boone Jenner wins face-off versus Jonathan Miller in EDMONTON ICE zone. 14:35 of 1st period - Boone Jenner is hit by Jonathan Audy-Marchessault. 15:53 of 1st period - Shot by Corey Perry. 15:53 of 1st period - Stopped by Philipp Grubauer with a rebound. 16:18 of 1st period - Icing by Jonathan Miller. 16:19 of 1st period - Jonathan Miller wins face-off versus Boone Jenner in REGINA FALCONS zone. 16:58 of 1st period - Shot by Ryan O'Reilly. 16:58 of 1st period - Shot Misses the Net. 17:00 of 1st period - Shot by Ryan O'Reilly. 17:00 of 1st period - Stopped by Tristan Jarry without a rebound. 17:01 of 1st period - Boone Jenner wins face-off versus Tyler Bozak in REGINA FALCONS zone. 17:10 of 1st period - Shot by Mathieu Perreault. 17:10 of 1st period - Shot Misses the Net. 18:55 of 1st period - Shot by Jonathan Audy-Marchessault. 18:55 of 1st period - Shot Blocked by Vincent Trocheck. 19:23 of 1st period - Shot by Jonathan Miller. 19:23 of 1st period - Shot Misses the Net. 19:53 of 1st period - Icing by Vincent Trocheck. 19:54 of 1st period - Nick Cousins wins face-off versus Vincent Trocheck in EDMONTON ICE